 Dungeon Crawl Stone Soup version bcrawl-1.28.4 (webtiles) character file.

Game seed: 3546556299748502667

234687 Mehrunes the Reanimator (level 9, -1/57 HPs)
             Began as a Skeleton Necromancer on Jan 18, 2021.
             Slain by a vampire mosquito (3 damage)
             ... on level 7 of the Dungeon.
             The game lasted 00:46:00 (9521 turns).

Mehrunes the Reanimator (Skeleton Necromancer)      Turns: 9521, Time: 00:46:01

Health: -1/57      AC: 10    Str: 17    XL:     9   Next: 95%
Magic:  0/18       EV: 13    Int: 15    God:
Gold:   423        SH:  0    Dex:  9    Spells: 2/20 levels left

rFire    . . .     SeeInvis .   r - +1 whip (elec)
rCold    + . .     Gourm    .   (no shield)
rNeg     + + +     Faith    .   s - +0 ring mail
rPois    ∞         Spirit   +   A - +2 hat
rElec    .         Reflect  .   z - +0 cloak
rCorr    .         Harm     .   l - +0 pair of gloves
MR       +....                  (no boots)
Stlth    +.........             (no amulet)
HPRegen  0.19/turn              v - ring of positive energy
MPRegen  0.16/turn              (no ring)

@: very slightly contaminated
A: no food or potions, cold resistance 1, deterioration 1, negative energy
resistance 3, powered by death 1, torment resistance, unbreathing, magic shield,
sturdy frame 1, spell healing
a: no special abilities


You were on level 7 of the Dungeon.
You were not hungry.

You visited 2 branches of the dungeon, and saw 9 of its levels.

You collected 423 gold pieces.

Inventory:

Hand Weapons
 a - a +1 dagger
 c - a +0 hunting sling
 m - a +0 blowgun
 o - a +1 short sword
 q - a +0 dagger of venom
 r - a +1 whip of electrocution (weapon)
 B - a +4 halberd
Missiles
 d - 1923 stones (quivered)
 n - 61 poisoned needles
Armour
 b - a +0 robe
 h - a +0 chain mail
 l - a +0 pair of gloves (worn)
 s - a +0 ring mail (worn)
 z - a +0 cloak (worn)
 A - a +2 hat (worn)
Magical Staves
 f - an uncursed staff of death
Jewellery
 t - an uncursed ring of ice
 v - a ring of positive energy (left hand)
Wands
 x - a wand of flame (24)
Scrolls
 e - 2 scrolls of remove curse
 g - 3 scrolls of enchant armour
 i - 2 scrolls of enchant weapon
 j - 4 scrolls of immolation
 k - a scroll of noise
 p - a scroll of torment {unknown}
 w - 3 scrolls of identify
 y - a scroll of magic mapping


   Skills:
 - Level 7.1 Fighting
 - Level 1.8 Short Blades
 - Level 3.0(4.0) Maces & Flails
 - Level 4.0(4.4) Staves
 * Level 4.8 Armour
 - Level 5.5 Dodging
 - Level 2.4 Stealth
 - Level 6.3 Spellcasting
 + Level 9.7 Necromancy


You had 2 spell levels left.
You knew the following spells:

 Your Spells              Type           Power        Failure   Level  Hunger
a - Animate Skeleton      Necr           N/A          1%          1    N/A
b - Pain                  Necr           ####..       1%          1    N/A
c - Vampiric Draining     Necr           ####......   1%          3    N/A
d - Agony                 Necr           ####....     3%          4    N/A
e - Animate Dead          Necr           N/A          3%          4    N/A
f - Dispel Undead         Necr           ####....     10%         5    N/A

Your spell library contained the following spells:

 Spells                   Type           Power        Failure   Level  Hunger


Dungeon Overview and Level Annotations

Branches:
Dungeon (8/12)             Temple (1/1) D:6            Lair (0/6) D:7
    Orc: D:8-11

Altars:
Ashenzari
Cheibriados
Dithmenos
Elyvilon
Fedhas
Gozag
Hepliaklqana
Lugonu
Makhleb
Nemelex Xobeh
Okawaru
Qazlal
Ru
Sif Muna
Trog
Uskayaw
Vehumet
Wu Jian
Xom
Yredelemnul
Zin
The Shining One

Shops:
D:4 %   D:6 }


Innate Abilities, Weirdness & Mutations

You do not eat or drink.
You are immune to poison.
Your flesh is cold resistant. (rC+)
Your body sometimes deteriorates upon taking damage.
You are immune to negative energy. (rN+++)
You regenerate a little health from kills.
You are immune to unholy pain and torment.
You can survive without breathing.
When hurt, damage is shared between your health and your magic reserves.
Your movements are slightly less encumbered by armour. (ER -2)
Casting spells heals you.


Message History

Okay, then.
Blink to where?
Press: ? - help, Dir - move target cursor You are very lightly contaminated with residual magic.
As you read the scroll of blinking, it crumbles to dust.
You climb downwards.
You hear the roar of battle.
There is an entrance to a bailey on this level.
Hurry and find it before the portal closes forever!
The gnoll misses you. The orc hits you with a +0 hand axe!
* * * LOW HITPOINT WARNING * * *
The gnoll hits you but does no damage.
There is a stone staircase leading up here.
The orc hits you but does no damage. The gnoll hits you but does no damage.
You climb upwards.
The vampire mosquito bites you.
* * * LOW HITPOINT WARNING * * *
The vampire mosquito barely misses you. x2
There is a stone staircase leading down here.
Okay, then.
The vampire mosquito bites you.
You die...

###...........###..##
....#######.#.###.##
#..## ###.#..##.###
##..#####...........##
###.).##.............##
# ###.................#
### ##.)..............#
..#####[).............#
#.....#))....<..@....)#
#...#.#.........oy....#
##..#..#......)......##
#P.####♣..#..#.....####
#..##....#######.<.[[.#
.P####....# #..###.# PP
##.♣.♣## ##.[##.#######
♣# #...PP#
##..........# #♣♣)PP##
#..........#


You could see a vampire mosquito and an orc.

Vanquished Creatures
  Pikel (D:3)
  A komodo dragon (D:7)
  A troll (D:8)
  Prince Ribbit (D:6)
  A hippogriff (D:6)
  A hungry ghost (D:7)
  A crocodile (D:6)
  An ice beast (D:8)
  2 slaves (D:4)
  A hornet zombie (D:7)
  A sky beast (D:6)
  A centaur (D:4)
  4 ogres
  2 bullfrogs
  2 big kobolds
  A scorpion (D:7)
  A wight (D:7)
  4 crimson imps
  2 orc priests (D:7)
  A centaur skeleton (D:7)
  3 hounds
  An iguana (D:7)
  8 orc wizards
  2 worker ants (D:4)
  A hound zombie (D:7)
  6 gnolls
  2 howler monkey skeletons
  8 adders
  A shadow imp (D:5)
  2 oozes
  An adder zombie (D:5)
  An adder skeleton (D:4)
  2 worms (D:2)
  3 dart slugs
  3 leopard geckos
  34 orcs
  5 giant cockroaches
  5 goblins
  7 hobgoblins
  8 jackals
  2 quokkas (D:2)
  2 ball pythons (D:1)
  4 bats
  2 frilled lizards (D:1)
  A jackal zombie (D:5)
  27 kobolds
  2 rats
173 creatures vanquished.

Vanquished Creatures (collateral kills)
  A steam dragon (D:5)
  A sky beast (D:8)
  4 wights (D:7)
  A howler monkey (D:3)
  An adder (D:3)
  An adder zombie (D:7)
  An orc (D:5)
  6 kobolds (D:7)
  A plant (D:7)
17 creatures vanquished.

Vanquished Creatures (others)
  An adder (D:4)
  10 plants (D:7)
11 creatures vanquished.

Grand Total: 201 creatures vanquished

Notes
Turn   | Place    | Note
-------+----------+-------------------------------------------
     0 | D:1      | Mehrunes the Skeleton Necromancer began the quest for the
                  | Orb.
     0 | D:1      | Reached XP level 1. HP: 10/10 MP: 4/4
   129 | D:1      | Reached skill level 1 in Fighting
   203 | D:1      | Reached XP level 2. HP: 16/16 MP: 4/6
   826 | D:2      | Reached XP level 3. HP: 19/21 MP: 0/8
   884 | D:2      | Learned a level 3 spell: Vampiric Draining
  1633 | D:2      | Reached XP level 4. HP: 21/27 MP: 1/9
  1675 | D:2      | Learned a level 4 spell: Agony
  1996 | D:3      | Reached skill level 5 in Necromancy
  2198 | D:3      | Reached XP level 5. HP: 32/32 MP: 8/11
  2585 | D:4      | Noticed an ogre
  2626 | D:4      | Noticed a centaur
  2886 | D:3      | Learned a level 4 spell: Animate Dead
  3227 | D:4      | Killed a centaur
  3228 | D:4      | Reached skill level 1 in Short Blades
  3333 | D:4      | Gained mutation: You regenerate a little health from kills.
                  | [Skeleton growth]
  3333 | D:4      | Reached XP level 6. HP: 31/38 MP: 8/13
  3536 | D:4      | Noticed a slave
  3536 | D:4      | Noticed a slave
  3537 | D:4      | Noticed Pikel
  3537 | D:4      | Noticed a slave
  3538 | D:4      | Noticed a slave
  3567 | D:4      | Killed a slave
  3664 | D:3      | Killed Pikel
  3665 | D:3      | Reached skill level 5 in Fighting
  3665 | D:3      | Reached skill level 5 in Spellcasting
  3665 | D:3      | Reached XP level 7. HP: 42/44 MP: 0/15
  4120 | D:4      | Found Hoafotoe's Food Shop.
  4133 | D:4      | Reached skill level 6 in Necromancy
  4668 | D:5      | Entered Level 5 of the Dungeon
  4686 | D:5      | Reached XP level 8. HP: 51/51 MP: 3/17
  4809 | D:4      | Learned a level 5 spell: Dispel Undead
  5106 | D:5      | Got a warped spear
  5247 | D:4      | Identified the +3 spear of Reapportionment {pierce, rPois
                  | rN+ Str-5 Int+3} (You found it on level 5 of the Dungeon)
  6065 | D:5      | Reached skill level 7 in Necromancy
  6367 | D:6      | Found a staircase to the Ecumenical Temple.
  6376 | Temple   | Entered the Ecumenical Temple
  6606 | D:6      | Noticed a hippogriff
  6623 | D:6      | Killed a hippogriff
  6711 | D:6      | Noticed Prince Ribbit
  6752 | D:6      | Noticed a troll
  6991 | D:6      | Killed Prince Ribbit
  6992 | D:6      | Reached XP level 9. HP: 57/57 MP: 8/18
  7125 | D:6      | Found a snail-covered altar of Cheibriados.
  7125 | D:6      | Found a bloodstained altar of Trog.
  7130 | D:6      | Found a faded altar of an unknown god.
  7132 | D:6      | Found a faded altar of an unknown god.
  7133 | D:6      | Found a hazy altar of Hepliaklqana.
  7241 | D:6      | Found Xuecuc's Gadget Shoppe.
  7501 | D:7      | Noticed a komodo dragon
  7502 | D:7      | Found a staircase to the Lair.
  7506 | D:7      | Reached skill level 8 in Necromancy
  8104 | D:7      | Reached skill level 5 in Dodging
  8249 | D:7      | Found a burning altar of Makhleb.
  8252 | D:7      | Reached skill level 9 in Necromancy
  8597 | D:7      | Reached skill level 1 in Armour
  8614 | D:7      | Killed a komodo dragon
  9290 | D:8      | Noticed a troll
  9297 | D:8      | Killed a troll
  9518 | D:8      | HP: 2/57 [orc/+0 hand axe (4)]
  9521 | D:7      | Slain by a vampire mosquito

Skill      XL: |  1  2  3  4  5  6  7  8  9 |
---------------+----------------------------+-----
Fighting       | 1 2 3 5 7 |  7.1
Spellcasting   | 4 5 6 |  6.3
Necromancy     | 5 6 7 9 |  9.7
Short Blades   | 1 |  1.8
Staves         | 3 4 |  4.0
Maces & Flails | 3 |  3.0
Dodging        | 3 5 |  5.5
Armour         | 4 |  4.8
Stealth        | |  2.4

Action                   |  1- 3 |  4- 6 |  7- 9 || total
-------------------------+-------+-------+-------++-------
Melee: Dagger            |    17 |    32 |       ||    49
       Staff             |       |       |    50 ||    50
       Whip              |       |       |    45 ||    45
 Fire: Blowgun           |       |     5 |       ||     5
Throw: Stone             |       |     3 |       ||     3
 Cast: Pain              |    94 |    62 |   192 ||   348
       Animate Skeleton  |     2 |     3 |     1 ||     6
       Agony             |       |     6 |    24 ||    30
       Vampiric Draining |       |     3 |    12 ||    15
       Animate Dead      |       |       |    15 ||    15
       Dispel Undead     |       |       |     6 ||     6
  Use: Scroll            |       |     3 |    11 ||    14
Armor: Robe              |     4 |    15 |       ||    19
       Ring mail         |       |     2 |    75 ||    77
Dodge: Dodged            |    14 |    39 |   187 ||   240
